 Dungeon Crawl Stone Soup version 0.17.0-24-gcfadda4 (console) character file.

245 gw the Insei (level 6, 0/55 HPs)
             Began as a Hill Orc Monk on Nov 16, 2015.
             Succumbed to a killer bee's poison
             ... on level 4 of the Dungeon.
             The game lasted 00:02:14 (3702 turns).

gw the Insei (Hill Orc Monk)                        Turns: 3702, Time: 00:02:14

Health: 0/55       AC: 12    Str: 13 (14) XL:     6   Next: 10%
Magic:  5/5        EV:  4    Int:  8 (10) God:
Gold:   116        SH:  0    Dex: 15      Spells: 0 memorised, 5 levels left

rFire  . . .     SeeInvis .       - Unarmed
rCold  . . .     Clarity  .     l - +0 plate armour
rNeg   . . .     SustAt   .     (no shield)
rPois  .         Gourm    .     (no helmet)
rElec  .         Spirit   .     (no cloak)
rCorr  .         Warding  .     (no gloves)
rMut   .         Stasis   .     o - +0 pair of boots
MR     .....                    (no amulet)
Stlth  ..........               (no ring)
                                (no ring)

@: lethally poisoned (0 -> -10), not resistant to hostile enchantments,
extremely unstealthy
A: deterioration 1, low mp 1
a: no special abilities


You were on level 4 of the Dungeon.
You were very hungry.

You visited 1 branch of the dungeon, and saw 4 of its levels.

You collected 116 gold pieces.

Inventory:

Missiles
 d - 123 stones (quivered)
 i - 29 poisoned needles
Armour
 l - a +0 plate armour (worn)
 o - a +0 pair of boots (worn)
Scrolls
 e - 6 scrolls of identify
 p - a scroll of remove curse
Potions
 a - a potion of cancellation
 c - a potion of brilliance
 h - a potion of agility
Comestibles
 b - 2 bread rations
 k - a royal jelly
 n - a beef jerky


   Skills:
 + Level 4.9 Fighting
 + Level 2.0 Throwing
 + Level 2.9 Armour
 - Level 2.4 Dodging
 - Level 1.5 Stealth
 * Level 5.7 Unarmed Combat


You had 5 spell levels left.
You didn't know any spells.

Dungeon Overview and Level Annotations

Branches:
Dungeon (4/15)
 Temple: D:4-7

Altars:
Sif Muna


Innate Abilities, Weirdness & Mutations

Your body sometimes deteriorates upon taking damage.
Your magical capacity is low (-10% MP).


Message History

The killer bee stings you but does no damage.
The killer bee stings you.
ATTACKING (0,1)
You hit the killer bee but do no damage.
The killer bee is moderately wounded.
You feel sick.
The killer bee stings you but does no damage.
ATTACKING (0,1)
You hit the killer bee.
The killer bee is heavily wounded.
You feel sick. The killer bee barely misses you. The killer bee stings you.
ATTACKING (0,1)
You hit the killer bee.
The killer bee is severely wounded.
You feel sick.
The killer bee stings you but does no damage. x2
ATTACKING (0,1)
You hit the killer bee but do no damage.
The killer bee is severely wounded.
You die...

#.# #.# #.## ..
#.# #.# #... #.#
#.# #.# #### ..
#.# #.# #.# #.#
#.. #.# #..##.#
#...#.# #o#.#
#y..# # ##..#
#.##..#####
......#.##.>....#
...............#
....#.#.......#
...#.#..(.(..#
#..#.#.......#


You could see a killer bee.

Table legend:
 A = Turns spent in this place as a percentage of turns spent in the entire game.
 B = Non-inter-level travel turns spent in this place as a percentage of non-inter-level travel turns spent in the entire game.
 C = Inter-level travel turns spent in this place as a percentage of turns spent in this place.
 D = Turns resting spent in this place as a percentage of non-inter-level travel turns spent in this place.
 E = Turns spent auto-exploring this place as a percentage of non-inter-level travel turns spent in this place.
 F = Non-inter-level travel turns spent in this place divided by the number of levels of this place that you've seen.
                   A       B       C       D       E      F
               +-------+-------+-------+-------+-------+----------------------
         Total | 100.0 | 100.0 |   0.4 |   1.1 |   2.6 | 1296.0
       Dungeon | 100.0 | 100.0 |   0.4 |   1.1 |   2.6 | 1296.0
               +-------+-------+-------+-------+-------+----------------------

Table legend:
 A = Kills in this place as a percentage of kills in entire the game.
 B = Kills by you in this place as a percentage of kills by you in the entire game.
 C = Kills by friends in this place as a percentage of kills by friends in the entire game.
 D = Other kills in this place as a percentage of other kills in the entire game.
 E = Experience gained in this place as a percentage of experience gained in the entire game.
 F = Experience gained in this place divided by the number of levels of this place that you have seen.
                   A       B       C       D       E      F
               +-------+-------+-------+-------+-------+----------------------
         Total | 100.0 | 100.0 |  -nan |  -nan | 100.0 |  87.5
       Dungeon | 100.0 | 100.0 |  -nan |  -nan | 100.0 |  87.5
               +-------+-------+-------+-------+-------+----------------------

Vanquished Creatures
  2 orc wizards (D:3)
  An iguana (D:4)
  A giant frog skeleton (D:4)
  A worker ant (D:4)
  4 adders (D:3)
  2 giant geckos (D:1)
  8 orcs
  A ball python (D:3)
  4 giant cockroaches
  8 hobgoblins
  2 jackals (D:2)
  5 quokkas
  8 bats
  5 giant newts
  7 goblins
  10 kobolds
  5 rats
74 creatures vanquished.

Notes
Turn   | Place    | Note
--------------------------------------------------------------
     0 | D:1      | gw the Hill Orc Monk began the quest for the Orb.
     0 | D:1      | Reached XP level 1. HP: 19/19 MP: 1/1
   379 | D:1      | Reached XP level 2. HP: 22/27 MP: 2/2
   619 | D:1      | Reached skill level 1 in Armour
  1143 | D:2      | Reached XP level 3. HP: 33/33 MP: 3/3
  1199 | D:2      | Reached skill level 1 in Throwing
  1936 | D:3      | Reached XP level 4. HP: 37/40 MP: 4/4
  1944 | D:3      | Reached skill level 5 in Unarmed Combat
  2430 | D:3      | Reached XP level 5. HP: 44/47 MP: 5/5
  3046 | D:3      | Gained mutation: Your body sometimes deteriorates upon taking damage. [potion of mutation]
  3046 | D:3      | Gained mutation: Your magical capacity is low (-10% MP). [potion of mutation]
  3295 | D:4      | Found a deep blue altar of Sif Muna.
  3429 | D:4      | Reached XP level 6. HP: 4/55 MP: 5/5
  3700 | D:4      | HP: 2/55 [killer bee (5)]
  3702 | D:4      | Succumbed to a killer bee's poison

Action                   |  1- 3 |  4- 6 || total
-------------------------+-------+-------++-------
Melee: Unarmed           |   111 |   157 ||   268
Throw: Javelin           |    17 |    14 ||    31
       Stone             |    13 |    11 ||    24
       Tomahawk          |       |    27 ||    27
  Use: Scroll            |     6 |     1 ||     7
       Potion            |     4 |     2 ||     6
 Stab: Sleeping          |     1 |       ||     1
  Eat: Chunk             |     3 |     5 ||     8

Vault maps used:
D:1:      matt_arrival_refuge, serial_bayou_pond_d
D:4:      old_standard_altar, serial_shops, shop, uniq_sigmund
